 Dungeon Crawl Stone Soup version 0.25-a0-251-g572059c536 (webtiles) character file.

Game seed: 14115377904786973210, levelgen mode: deterministic

70583 Flugkiller the Spry (level 14, -7/88 HPs)
             Began as a Deep Elf Arcane Marksman on Dec 4, 2019.
             Was an Initiate of Gozag.
             Mangled by a sun demon (8 damage)
             ... summoned by an orc high priest
             ... on level 1 of the Orcish Mines on Dec 5, 2019.
             The game lasted 01:17:02 (34722 turns).

Flugkiller the Spry (Deep Elf Arcane Marksman)     Turns: 34722, Time: 01:17:02

Health: -7/88      AC:  0    Str:  7    XL:     14   Next: 94%
Magic:  23/32      EV: 23    Int: 22    God:    Gozag
Gold:   2594       SH: 11    Dex: 17    Spells: 21/37 levels left

rFire    . . .     SeeInvis .   R - +7 scimitar (elec)
rCold    . . .     Gourm    .   y - +2 buckler
rNeg     + . .     Faith    .   P - +1 robe {rN+}
rPois    +         Spirit   .   p - +2 hat
rElec    .         Reflect  +   F - scarf {cloud immunity}
rCorr    .         Harm     .   u - +2 pair of gloves
MR       +....                  n - +2 pair of boots
Stlth    ++........             b - +5 amulet of reflection
HPRegen  0.24/turn              B - ring of poison resistance
MPRegen  0.23/turn              l - +1 ring of protection

@: corroded
A: talons 1, mutation resistance 1, MP-powered wands
a: Potion Petition, Call Merchant, Bribe Branch, Renounce Religion


You were on level 1 of the Orcish Mines.
You worshipped Gozag.
Gozag was most pleased with you.
You were hungry.

You visited 4 branches of the dungeon, and saw 23 of its levels.
You also visited: Ossuary.

You collected 6747 gold pieces.
You spent 1844 gold pieces at shops.
You paid 2309 gold pieces to Gozag.

Inventory:

Hand Weapons
 a - the +8 spear of the Lame Duck {vamp, MR+}
   (You found it on level 6 of the Lair of Beasts)

   It inflicts no extra harm, but heals its wielder when it wounds a living foe.
   It affects your resistance to hostile enchantments.
 t - a +0 longbow
   (You found it on level 3 of the Lair of Beasts)
 R - a +7 scimitar of electrocution (weapon)
   (You bought it in a shop on level 1 of the Lair of Beasts)
 S - the +7 long sword of Dishonesty {slice, Int+3 SInv}
   (You found it on level 6 of the Lair of Beasts)

   It inflicts extra damage upon your enemies.
   It affects your intelligence (+3).
   It lets you see invisible.
Missiles
 d - 340 arrows
 e - a throwing net
 J - 12 curare-tipped darts (quivered)
Armour
 m - a +0 helmet
   (You found it on level 1 of the Dungeon)
 n - a +2 pair of boots (worn)
   (You found it on level 1 of the Dungeon)
 p - a +2 hat (worn)
   (You found it on level 2 of the Dungeon)
 u - a +2 pair of gloves (worn)
   (You found it on level 9 of the Dungeon)
 y - a +2 buckler (worn)
   (You found it on level 2 of the Lair of Beasts)
 F - a scarf of cloud immunity (worn)
   (You bought it in a shop on level 12 of the Dungeon)
 P - a +1 robe of positive energy (worn)
   (You took it off a wight on level 7 of the Dungeon)
Jewellery
 b - a +5 amulet of reflection (around neck)
   (You found it on level 12 of the Dungeon)
 l - a +1 ring of protection (right hand)
   (You found it on level 1 of the Dungeon)
 q - an uncursed ring of see invisible
   (You found it on level 2 of the Dungeon)
 r - an uncursed ring of protection from fire
   (You took it off a centaur on level 7 of the Dungeon)
 B - a ring of poison resistance (left hand)
   (You found it on level 2 of the Dungeon)
 N - an uncursed ring of magical power
   (You found it on level 8 of the Dungeon)
Wands
 c - a wand of disintegration (9)
   (You found it on level 14 of the Dungeon)
 k - a wand of flame (51)
   (You found it on level 10 of the Dungeon)
 x - a wand of digging (15)
   (You found it on level 3 of the Dungeon)
 A - a wand of iceblast (10)
   (You found it on level 2 of the Dungeon)
 C - a wand of enslavement (3)
   (You found it on level 3 of the Dungeon)
 I - a wand of paralysis (19)
   (You found it on level 5 of the Dungeon)
 V - a wand of clouds (3)
   (You found it on level 12 of the Dungeon)
 X - a wand of polymorph (12)
   (You found it on level 12 of the Dungeon)
Scrolls
 h - 5 scrolls of magic mapping
 j - 6 scrolls of teleportation
 w - a scroll of fog
 K - 5 scrolls of remove curse
 L - 3 scrolls of enchant armour
 O - 5 scrolls of amnesia
 Q - 2 scrolls of immolation
 W - 2 scrolls of identify
Potions
 g - a potion of mutation
 i - 2 potions of invisibility
 o - 6 potions of flight
 s - 3 potions of resistance
 v - a potion of heal wounds
 z - 8 potions of haste
 D - 10 potions of agility
 E - 2 potions of cancellation
 G - 4 potions of lignification
 H - 9 potions of curing
 M - 2 potions of might
 T - 2 potions of magic
 U - a potion of ambrosia
 Y - 2 potions of brilliance
Comestibles
 f - 9 rations


   Skills:
 - Level 10.0 Fighting
 - Level 10.0 Long Blades
 - Level 4.8 Bows
 - Level 15.0 Dodging
 + Level 12.0 Spellcasting
 - Level 10.0 Hexes
 + Level 9.4 Summonings
 - Level 6.1 Air Magic
 - Level 8.0 Evocations


You had 21 spell levels left.
You knew the following spells:

 Your Spells              Type           Power        Failure   Level  Hunger
a - Corona                Hex            ######.      1%          1    None
b - Slow                  Hex            ######..     1%          2    None
c - Summon Lightning Spi  Summ/Air       #####...     3%          4    None
d - Cause Fear            Hex            ######....   1%          4    None
e - Summon Mana Viper     Hex/Summ       ######..     4%          5    ####...

Your spell library contained the following spells:

 Spells                   Type           Power        Failure   Level  Hunger
 Confusing Touch          Hex            ######       1%          1    None
 Summon Small Mammal      Summ           ####         1%          1    None
 Call Imp                 Summ           ######..     1%          2    None
 Call Canine Familiar     Summ           ######..     1%          3    None
 Summon Guardian Golem    Hex/Summ       ######..     1%          3    None
 Inner Flame              Hex/Fire       #####...     3%          3    None
 Portal Projectile        Hex/Tloc       #####.       3%          3    None
 Recall                   Summ/Tloc      N/A          3%          3    None
 Aura of Abjuration       Summ           ######....   4%          5    ####...
 Summon Demon             Summ           ######....   4%          5    ####...
 Animate Skeleton         Necr           N/A          9%          1    None
 Apportation              Tloc           ##....       9%          1    None
 Silence                  Hex/Air        #####.....   9%          5    ####...
 Leda's Liquefaction      Hex/Erth       #####.....   11%         4    None
 Summon Ice Beast         Ice/Summ       ####....     12%         4    None
 Shadow Creatures         Summ           N/A          26%         6    #####..
 Summon Forest            Summ/Tloc      ####......   32%         5    ####...
 Conjure Ball Lightning   Conj/Air       ####......   98%         6    #####..
 Deflect Missiles         Chrm/Air       ####......   98%         6    #####..
 Tornado                  Air            #####.....   100%        9    #######


Dungeon Overview and Level Annotations

Branches:
Dungeon (15/15)            Temple (1/1) D:6            Lair (6/6) D:11
 Shoals (0/4) Lair:4        Snake (0/4) Lair:2        Slime (0/5) Lair:5
    Orc (1/2) D:11         Vaults (0/5) D:14         Depths (0/5) D:15
Ossuary (visited)

Altars:
Ashenzari
Dithmenos
Fedhas
Gozag
Kikubaaqudgha
Nemelex Xobeh
Okawaru
Qazlal
Ru
Trog
Uskayaw
Wu Jian
Jiyva

Shops:
D:12 ?(:!*   D:13 :   Lair:1 =(

Annotations:
D:7 1 runed translucent door, grouchysmurf's ghost, novice OgHu


Innate Abilities, Weirdness & Mutations

You have sharp toenails.
You are somewhat resistant to further mutation.
You expend magic power (3 MP) to strengthen your wands.


Message History

You are feeling hungry.
You block the rust devil's attack.
You closely miss the rust devil.
The rust devil is moderately wounded.
The rust devil hits you. The rust devil corrodes you!
You slash the rust devil!
The rust devil is heavily wounded.
You block the rust devil's attack.
The orc high priest utters an invocation to Beogh.
You hit the rust devil.
The rust devil is heavily wounded.
The rust devil hits you. The rust devil corrodes you!
You hit the rust devil.
The rust devil is heavily wounded.
The rust devil hits you!
* * * LOW HITPOINT WARNING * * *
The rust devil corrodes you!
The orc high priest invokes the aid of Beogh against you.
Beogh smites you!
* * * LOW HITPOINT WARNING * * *
You hear a shout!
Evoke which item? (* to show all) (? for menu, Esc to quit)
Aiming: Cloud Cone
Press: ? - help, Dir - move target cursor, f - rust devil
Aim: a rust devil (heavily wounded, summoned)
You feel a surge of power!
You create a blast of flame!
You hear a shout!
The rust devil disappears in a puff of smoke!
The orc high priest is engulfed in blazing flames.
The orc high priest prays to Beogh.
Unknown command.
Unknown command.
You hit the sun demon but do no damage. The sun demon hits you.
* * * LOW HITPOINT WARNING * * *
You are engulfed in flames!
* * * LOW HITPOINT WARNING * * *
The orc high priest is engulfed in blazing flames.
You feel much better. The sun demon barely misses you.
You riposte.
You hit the sun demon but do no damage.
The orc high priest is engulfed in blazing flames.
Unknown command.
Unknown command.
You hit the sun demon but do no damage. The sun demon hits you!
* * * LOW HITPOINT WARNING * * *
You are engulfed in flames!
* * * LOW HITPOINT WARNING * * *
The orc high priest is engulfed in blazing flames.
The sun demon hits you!
You die...
Your body crumbles into a pile of gold.

##...#........#
#...........#
##...#......#
##.####..o##
#####....## $
#.$....#
##.##.#### .
####§##.##....
$ #§o3@.......
##§##.#$.... $
### $.. ...
.#.# . #### $ $
$


You could see an orc high priest and a sun demon.

Vanquished Creatures
  Rupert (D:14)
  9 hydras
  Harold (D:9)
  A catoblepas (Lair:6)
  A centaur warrior (D:15)
  4 two-headed ogres
  4 death yaks
  Urug (Lair:2)
  6 skeletal warriors
  2 unseen horrors
  A phantasmal warrior (D:15)
  A wizard (D:14)
  A lindwurm (Lair:6)
  A stone giant zombie (D:15)
  3 ugly things (D:15)
  A cyclops (D:15)
  2 wolf spiders
  4 manticores
  2 elephants
  A black mamba (Lair:2)
  Joseph (D:7)
  13 spiny frogs
  7 komodo dragons
  5 rime drakes
  A yaktaur (shapeshifter) (D:14)
  A spriggan skeleton (D:15)
  6 trolls
  A polar bear (Lair:6)
  5 meliai
  Grinder (D:3)
  8 slime creatures
  8 blink frogs
  An elf zombie (D:15)
  4 dream sheep (Lair:5)
  8 hippogriffs
  A vampire (D:15)
  Sigmund (D:2)
  A shadow (D:15)
  3 wyverns
  5 basilisks
  3 hungry ghosts
  35 yaks
  10 vampire mosquitoes
  2 acid dragons
  14 water moccasins
  21 porcupines
  4 ice beasts
  6 sky beasts
  3 black bears
  11 orc warriors
  A black bear (shapeshifter) (D:14)
  4 ogres
  3 eyes of draining
  A phantom (D:6)
  2 necrophages
  4 wolves (Lair:3)
  4 centaurs
  7 crocodiles
  26 bullfrogs
  3 big kobolds
  5 scorpions
  A wyvern skeleton (D:10)
  7 killer bees
  12 wights
  9 howler monkeys
  2 crimson imps
  4 bullfrog zombies
  5 centaur zombies
  A quasit (D:12)
  8 orc wizards
  A bullfrog skeleton (D:10)
  2 orc priests (D:7)
  9 hounds
  5 jellies
  4 centaur skeletons
  Jessica (D:3)
  5 iguanas
  9 worker ants
  A killer bee zombie (D:5)
  2 hound zombies (Ossuary)
  4 hound skeletons
  9 mummies (Ossuary)
  3 worker ant zombies (Ossuary)
  17 adders
  2 howler monkey skeletons
  3 shadow imps
  An adder skeleton (D:4)
  6 adder zombies
  2 worms
  A dart slug (D:4)
  5 leopard geckos
  44 orcs
  6 giant cockroaches
  13 hobgoblins
  11 jackals
  4 quokkas
  2 ball pythons (Lair:2)
  A ball python zombie (Ossuary)
  10 bats
  5 frilled lizards
  A giant cockroach zombie (D:6)
  3 goblins
  A jackal skeleton (D:9)
  2 jackal zombies
  21 kobolds
  A leopard gecko zombie (Ossuary)
  A quokka skeleton (D:4)
  A quokka zombie (Ossuary)
  9 rats
  4 plants (Lair:3)
578 creatures vanquished.

Vanquished Creatures (collateral kills)
  A vault guard (D:14)
  2 catoblepae (Lair:6)
  5 hydras
  A centaur warrior (D:13)
  2 anacondas (Lair:6)
  An ogre mage (D:14)
  2 two-headed ogres
  5 skeletal warriors
  A necromancer (D:15)
  A lindwurm (shapeshifter) (D:14)
  An ugly thing (D:13)
  A cyclops (D:15)
  A freezing wraith (D:15)
  A troll (D:12)
  2 slime creatures (D:13)
  A spriggan skeleton (D:15)
  6 yaks
  3 wights
  A crimson imp (D:13)
  An orc wizard (D:15)
  An adder (D:12)
  An orc (D:15)
41 creatures vanquished.

Vanquished Creatures (others)
  A meliai (D:13)
  A porcupine (Lair:2)
  An orc (D:8)
  A hobgoblin (D:2)
  33 fungi
  22 plants
  12 withered plants
71 creatures vanquished.

Grand Total: 690 creatures vanquished

Notes
Turn   | Place    | Note
-------+----------+-------------------------------------------
     0 | D:1      | Flugkiller the Deep Elf Arcane Marksman began the quest for
                  | the Orb.
     0 | D:1      | Reached XP level 1. HP: 11/11 MP: 5/5
   240 | D:1      | Reached XP level 2. HP: 16/16 MP: 6/6
   263 | D:1      | You fall into a shaft and drop 1 floor!
   307 | D:2      | Found an ornate altar of the Wu Jian Council.
   952 | D:2      | Noticed Sigmund
   961 | D:1      | Learned a level 2 spell: Slow
  1105 | D:2      | Reached XP level 3. HP: 20/20 MP: 7/7
  1923 | D:2      | Killed Sigmund
  1923 | D:2      | Reached skill level 5 in Hexes
  1923 | D:2      | Reached XP level 4. HP: 22/24 MP: 2/11
  1923 | D:2      | Reached XP level 5. HP: 26/28 MP: 2/12
  2445 | D:2      | Reached skill level 1 in Fighting
  2786 | D:3      | Found an ancient bone altar of Kikubaaqudgha.
  2799 | D:3      | Found a blossoming altar of Fedhas.
  2802 | D:3      | Found an iron altar of Okawaru.
  2825 | D:3      | Found a hide-covered altar of Uskayaw.
  2827 | D:3      | Found a stormy altar of Qazlal.
  2827 | D:3      | Found a sacrificial altar of Ru.
  2828 | D:3      | Found a shattered altar of Ashenzari.
  2832 | D:3      | Found an opulent altar of Gozag.
  2833 | D:3      | Found a bloodstained altar of Trog.
  2839 | D:3      | Became a worshipper of Gozag Ym Sagoz the Greedy
  2861 | D:3      | Noticed Grinder
  2868 | D:3      | Paralysed by Grinder for 6 turns
  2879 | D:3      | Paralysed by Grinder for 2 turns
  2889 | D:3      | Killed Grinder
  2889 | D:3      | Reached XP level 6. HP: 37/37 MP: 13/13
  3144 | D:3      | Noticed Jessica
  3158 | D:3      | Killed Jessica
  4024 | D:4      | Reached XP level 7. HP: 43/43 MP: 14/14
  4048 | D:4      | Reached skill level 1 in Evocations
  4105 | D:4      | Reached skill level 3 in Dodging
  4282 | D:4      | Got a twisted long sword
  4283 | D:4      | Identified the +6 long sword of Massacring {holy, Dex+3}
                  | (You found it on level 4 of the Dungeon)
  4832 | D:5      | Entered Level 5 of the Dungeon
  4952 | D:4      | Reached skill level 4 in Dodging
  5032 | D:5      | Reached skill level 5 in Dodging
  5224 | D:5      | Found a sand-covered staircase.
  5234 | Ossuary  | Entered an ossuary
  5258 | Ossuary  | Reached XP level 8. HP: 41/48 MP: 15/15
  5344 | Ossuary  | Reached skill level 5 in Evocations
  6018 | D:6      | Reached skill level 6 in Dodging
  6230 | D:6      | Reached skill level 5 in Fighting
  6328 | D:6      | Found a staircase to the Ecumenical Temple.
  6621 | D:6      | Found a shadowy altar of Dithmenos.
  7476 | D:6      | Reached skill level 7 in Dodging
  7766 | D:6      | Found a sparkling altar of Nemelex Xobeh.
  7826 | Temple   | Entered the Ecumenical Temple
  7867 | D:6      | Reached XP level 9. HP: 40/54 MP: 16/16
  8053 | D:7      | Found a runed translucent door.
  8053 | D:7      | Noticed grouchysmurf's ghost (novice OgHu)
  8758 | D:7      | Reached skill level 8 in Dodging
  9379 | D:7      | Noticed Joseph
 10002 | D:7      | Killed Joseph
 10002 | D:7      | Reached skill level 9 in Dodging
 10383 | D:7      | Reached XP level 10. HP: 50/64 MP: 9/17
 11696 | D:8      | Reached skill level 10 in Dodging
 12389 | D:9      | Noticed Harold
 12936 | D:9      | Killed Harold
 13568 | D:10     | Entered Level 10 of the Dungeon
 13709 | D:10     | Reached skill level 10 in Fighting
 13744 | D:10     | Noticed a two-headed ogre
 14000 | D:10     | Reached skill level 1 in Long Blades
 14164 | D:10     | Reached skill level 11 in Dodging
 14308 | D:10     | Noticed a cyclops
 14324 | D:10     | Reached XP level 11. HP: 48/71 MP: 18/18
 14432 | D:10     | Noticed a deep troll
 14432 | D:10     | a cyclops changed into a deep troll
 14835 | D:10     | Killed a two-headed ogre
 14948 | D:10     | Found a shattered altar of Ashenzari.
 14953 | D:10     | Noticed an eight-headed hydra
 15001 | D:10     | Killed an eight-headed hydra
 15001 | D:10     | Reached skill level 5 in Long Blades
 15489 | D:11     | Found a stormy altar of Qazlal.
 15778 | D:11     | Learned a level 4 spell: Cause Fear
 15921 | D:11     | Reached skill level 5 in Spellcasting
 16031 | D:11     | Noticed a five-headed hydra
 16057 | D:11     | Killed a five-headed hydra
 16589 | D:11     | Found a staircase to the Lair.
 16605 | D:11     | Found a staircase to the Orcish Mines.
 16782 | Lair:1   | Entered Level 1 of the Lair of Beasts
 16795 | Lair:1   | Bought a +1 scimitar of electrocution for 238 gold pieces
 18172 | Lair:2   | Noticed Urug
 18347 | Lair:2   | Killed Urug
 18417 | Lair:2   | Found a staircase to the Snake Pit.
 18647 | Lair:2   | Noticed an eight-headed hydra
 18665 | Lair:2   | Reached XP level 12. HP: 77/77 MP: 21/23
 18877 | Lair:2   | Noticed a five-headed hydra
 19164 | Lair:3   | Noticed an eight-headed hydra
 19166 | Lair:3   | Reached skill level 10 in Hexes
 19184 | Lair:3   | Killed an eight-headed hydra
 19444 | Lair:3   | Noticed a four-headed hydra
 19462 | Lair:3   | Noticed Sonja
 19463 | Lair:3   | Noticed Sonja
 19463 | Lair:3   | Sonja changed into Sonja the ice beast
 20075 | Lair:3   | You fall into a shaft and drop 1 floor!
 20288 | Lair:4   | Found a staircase to the Shoals.
 20303 | Lair:4   | Reached skill level 10 in Long Blades
 20352 | Lair:4   | Noticed a seven-headed hydra
 21199 | Lair:3   | Killed Sonja the ice beast
 21574 | Lair:4   | Reached skill level 12 in Dodging
 22136 | Lair:5   | Noticed an eight-headed hydra
 22181 | Lair:5   | Found a staircase to the Slime Pits.
 22182 | Lair:5   | Found a viscous altar of Jiyva.
 22572 | Lair:5   | Reached skill level 13 in Dodging
 22923 | Lair:5   | Learned a level 4 spell: Summon Lightning Spire
 22987 | Lair:5   | Reached skill level 1 in Summonings
 22996 | Lair:5   | Reached skill level 1 in Air Magic
 23165 | Lair:5   | Reached XP level 13. HP: 74/82 MP: 24/24
 23194 | Lair:6   | Entered Level 6 of the Lair of Beasts
 23233 | Lair:6   | Got a bloodstained long sword
 23235 | Lair:6   | Identified the +7 long sword of Dishonesty {slice, Int+3
                  | SInv} (You found it on level 6 of the Lair of Beasts)
 24155 | Lair:6   | Got a jewelled mace
 24163 | Lair:6   | Identified the +5 mace of Trauma {drain, MP+9} (You found
                  | it on level 6 of the Lair of Beasts)
 25079 | Lair:6   | Reached skill level 5 in Summonings
 25968 | Lair:6   | Reached skill level 5 in Air Magic
 26781 | Lair:6   | Reached skill level 10 in Spellcasting
 26998 | Lair:6   | Got a scorched spear
 27437 | Lair:5   | Reached skill level 14 in Dodging
 27656 | D:12     | Reached XP level 14. HP: 88/88 MP: 19/30
 27674 | D:12     | Found Foxkie's Assorted Antiques.
 27680 | D:12     | Bought a scroll labeled SUWKAI RINU for 26 gold pieces
 27680 | D:12     | Bought a runed scarf for 208 gold pieces
 27777 | D:12     | Found Iwuasiwk's Distillery.
 27784 | D:12     | Bought a potion of mutation for 112 gold pieces
 27784 | D:12     | Gained mutation: You expend magic power (3 MP) to
                  | strengthen your wands. [potion of mutation]
 27784 | D:12     | Gained mutation: You have sharp toenails. [potion of
                  | mutation]
 27784 | D:12     | Gained mutation: You are somewhat resistant to further
                  | mutation. [potion of mutation]
 27793 | D:12     | Found Ixtum's Antique Weapon Shoppe.
 27881 | D:12     | Found Woar's Book Emporium.
 28328 | D:12     | Found Laniuxuo's Magic Scroll Boutique.
 28571 | D:13     | Identified the +8 spear of the Lame Duck {vamp, MR+} (You
                  | found it on level 6 of the Lair of Beasts)
 29503 | D:13     | Found Sokunel's Book Boutique.
 30480 | D:14     | Found a gate to the Vaults.
 30722 | D:14     | Noticed Rupert
 30759 | D:14     | Paralysed by Rupert for 5 turns
 30912 | D:14     | Killed Rupert
 30912 | D:14     | Reached skill level 15 in Dodging
 31670 | D:12     | Bought a book of Summonings for 1260 gold pieces
 31676 | D:12     | Learned a level 5 spell: Summon Mana Viper
 31748 | D:15     | Entered Level 15 of the Dungeon
 33907 | D:15     | Found a staircase to the Depths.
 34655 | Orc:1    | Entered Level 1 of the Orcish Mines
 34722 | Orc:1    | HP: 1/88 [sun demon[an orc high priest] (17)]
 34722 | Orc:1    | Mangled by a sun demon

Levels and vault maps discovered:
D:1:      dpeg_arrival_stonehenge_8_columns, layout_basic, nrook_campfire
D:2:      layout_basic, first_ration, lemuel_altar_in_water, uniq_sigmund
D:3:      layout_rooms, minitemple, uniq_grinder, uniq_jessica
D:4:      layout_loops_cross, minmay_starry_boxes
D:5:      layout_rooms, enter_ossuary_3
D:6:      layout_rooms, lemuel_round_altar, kennysheep_little_box,
          minmay_temple_entry_tees, minivault_4
D:7:      hangedman_cross_stitches, layout_loops_ring,
          hellmonk_ghost_happy_afterlife, grunt_ogre_cave, uniq_joseph
D:8:      layout_cave_pools
D:9:      layout_loops_cross, uniq_harold
D:10:     layout_loops_ring, corexii_checkpoint_a, minmay_ruined_shrine
D:11:     layout_basic, due_lair_maze_entry_diamond, orc_0_dummy,
          grunt_qazlal_sundering
D:12:     layout_roguey, serial_shops, nicolae_shop_waterfront, shop, shop,
          shop, nicolae_shop_temple_entry_statues_fountains
D:13:     layout_loops_corners, serial_shops, shop_statue
D:14:     layout_roguey, david_vaults_5, infiniplex_staircase_door_maze,
          uniq_rupert
D:15:     gammafunk_depths_entry_grave, layout_loops_ring, minmay_misc_feat_chi,
          minmay_misc_feat_five
Temple:   minmay_temple_curvy_loop
Lair:1:   layout_layer_cave
Lair:2:   layout_roguey, minmay_snake_entry_six_corridors,
          lemuel_another_geyser, uniq_urug
Lair:3:   layout_chaotic_city, beast_lair_carwin_7, wad_woods_river_01,
          minmay_lair_oklob_chamber, uniq_sonja
Lair:4:   layout_regular_city, elwin_shoals_entry_rocks
Lair:5:   layout_regular_city, slime_altar_1
Lair:6:   evilmike_catoblepas_cave, layout_cave_shapes, minmay_shattered_shrine,
          grunt_megastairs_4
Orc:1:    layout_caves

Skill      XL: |  1  2  3  4  5  6  7  8  9 10 11 12 13 14 |
---------------+-------------------------------------------+-----
Bows           | 3 4 |  4.8
Spellcasting   | 3 6 10 12 | 12.0
Hexes          | 5 9 10 | 10.0
Fighting       | 3 4 6 8 10 | 10.0
Evocations     | 3 5 8 |  8.0
Dodging        | 5 7 9 11 13 14 15 | 15.0
Long Blades    | 3 7 10 | 10.0
Summonings     | 1 6 9 |  9.4
Air Magic      | 1 6 |  6.1

Action                   |  1- 3 |  4- 6 |  7- 9 | 10-12 | 13-15 || total
-------------------------+-------+-------+-------+-------+-------++-------
Melee: Short sword       |    68 |   169 |       |       |       ||   237
       Falchion          |       |     6 |    60 |       |       ||    66
       Long sword        |       |       |   395 |   419 |       ||   814
       Scimitar          |       |       |       |   367 |   750 ||  1117
 Fire: Shortbow          |   101 |    26 |    33 |    19 |       ||   179
Throw: Dart              |       |       |     2 |     5 |     2 ||     9
       Throwing net      |       |       |       |     3 |       ||     3
 Cast: Slow              |     5 |     4 |    10 |    78 |   102 ||   199
       Corona            |     3 |     4 |     4 |    17 |    23 ||    51
       Cause Fear        |       |       |       |    23 |    32 ||    55
       Summon Lightning  |       |       |       |       |    86 ||    86
       Summon Mana Viper |       |       |       |       |     2 ||     2
Invok: Call Merchant     |       |       |       |     2 |       ||     2
       Potion Petition   |       |       |       |     1 |     2 ||     3
Evoke: Wand              |       |       |     5 |    20 |    26 ||    51
       Phantom mirror    |       |       |       |     1 |       ||     1
  Use: Scroll            |       |     6 |    11 |    20 |     5 ||    42
       Potion            |       |     2 |     1 |     4 |     8 ||    15
 Stab: Sleeping          |     1 |     1 |       |     2 |     3 ||     7
       Paralysed         |       |       |     4 |    23 |     1 ||    28
       Distracted        |       |       |       |     2 |    12 ||    14
       Held in net/web   |       |       |       |     1 |       ||     1
       Petrified         |       |       |       |       |     2 ||     2
  Eat: Chunk             |     2 |     5 |       |       |       ||     7
       Ration            |       |     1 |     7 |    14 |    12 ||    34
Armor: Robe              |    46 |    77 |   152 |   147 |   103 ||   525
Dodge: Dodged            |   107 |   136 |   479 |   798 |   425 ||  1945
Block: Buckler           |       |       |       |    54 |   246 ||   300
       Reflection        |       |       |       |       |     8 ||     8
       Rpst.: Falchion   |       |     2 |     9 |       |       ||    11
       Long sword        |       |       |   127 |   153 |       ||   280
       Scimitar          |       |       |       |    80 |    93 ||   173

Table legend:
 A = Non-vault XP
 B = Vault XP
 C = Vault XP percentage of total XP
 D = Non-vault monster count
 E = Vault monster count
 F = Vault count percentage of total count
                 A         B        C        D         E       F
            +---------+---------+-------+---------+---------+-------
      Total |   64363 |   36471 |  36.2 |     463 |     152 |  24.7
            +---------+---------+-------+---------+---------+-------
        D:1 |      35 |       0 |   0.0 |      23 |       0 |   0.0
        D:2 |      58 |     227 |  79.6 |      22 |       1 |   4.3
        D:3 |      48 |     314 |  86.7 |       9 |       2 |  18.2
        D:4 |     356 |      68 |  16.0 |      12 |       7 |  36.8
        D:5 |     256 |       1 |   0.4 |      13 |       1 |   7.1
        D:6 |    1035 |       0 |   0.0 |      26 |       0 |   0.0
        D:7 |    2409 |    1008 |  29.5 |      51 |       9 |  15.0
        D:8 |    1290 |       0 |   0.0 |      23 |       0 |   0.0
        D:9 |     396 |    1082 |  73.2 |       9 |       2 |  18.2
       D:10 |    2704 |    1284 |  32.2 |      20 |       4 |  16.7
       D:11 |    3367 |    1087 |  24.4 |      29 |      10 |  25.6
       D:12 |    2307 |       0 |   0.0 |      17 |       0 |   0.0
       D:13 |    6602 |      77 |   1.2 |      35 |       1 |   2.8
       D:14 |    7927 |    3368 |  29.8 |      35 |       4 |  10.3
       D:15 |   12676 |    3426 |  21.3 |      45 |       8 |  15.1
     Lair:1 |    1071 |       0 |   0.0 |       6 |       0 |   0.0
     Lair:2 |    1565 |    2456 |  61.1 |       8 |      14 |  63.6
     Lair:3 |    4453 |    2483 |  35.8 |      20 |      12 |  37.5
     Lair:4 |    3355 |       0 |   0.0 |      12 |       0 |   0.0
     Lair:5 |    6118 |    2041 |  25.0 |      27 |       3 |  10.0
     Lair:6 |    6193 |   16956 |  73.2 |      16 |      46 |  74.2
      Orc:1 |     142 |       0 |   0.0 |       5 |       0 |   0.0
    Ossuary |       0 |     593 | 100.0 |       0 |      28 | 100.0
            +---------+---------+-------+---------+---------+-------
